 Dungeon Crawl Stone Soup version 0.23-a0-393-g6e9e0f2070 (webtiles) character file.

17 PikkenKukken the Insei (level 2, 23/23 HPs)
             Began as a Gnoll Transmuter on Oct 31, 2018.
             Quit the game on level 1 of the Dungeon.
             The game lasted 00:01:02 (292 turns).

PikkenKukken the Insei (Gnoll Transmuter)            Turns: 292, Time: 00:01:02

Health: 23/23      AC:  2    Str: 12    XL:     2   Next: 62%
Magic:  7/7        EV: 14    Int: 15    God:
Gold:   83         SH:  0    Dex: 15    Spells: 9/10 levels left

rFire    . . .     SeeInvis .     - Unarmed
rCold    . . .     Gourm    .   (no shield)
rNeg     . . .     Faith    .   b - +0 robe
rPois    .         Spirit   .   (no helmet)
rElec    .         Reflect  .   (no cloak)
rCorr    .         Harm     .   (no gloves)
MR       .....                  (no boots)
Stlth    ++........             (no amulet)
HPRegen  0.07/turn              (no ring)
MPRegen  0.10/turn              (no ring)

@: no status effects
A: distributed training, fangs 1, strong nose
a: no special abilities


You were on level 1 of the Dungeon.
You were not hungry.

You visited 1 branch of the dungeon, and saw 1 of its levels.

You collected 83 gold pieces.

Inventory:

Missiles
 a - 12 arrows
Armour
 b - a +0 robe (worn)
Jewellery
 g - an uncursed ring of flight {unknown}
Scrolls
 c - a scroll of random uselessness {unknown}
 h - a scroll of fear {unknown}
 i - a scroll of immolation {unknown}
Potions
 e - a potion of curing {unknown}
 j - 2 potions of resistance {unknown}
Comestibles
 d - a ration
 f - 10 chunks of flesh


   Skills:
 + Level 2.5 Fighting
 + Level 0.4 Short Blades
 + Level 0.4 Long Blades
 + Level 0.4 Axes
 + Level 0.4 Maces & Flails
 + Level 0.4 Polearms
 + Level 0.4 Staves
 + Level 0.4 Slings
 + Level 0.4 Bows
 + Level 0.4 Crossbows
 + Level 0.4 Throwing
 + Level 0.4 Armour
 + Level 4.5 Dodging
 + Level 0.4 Stealth
 + Level 0.4 Shields
 + Level 6.5 Unarmed Combat
 + Level 4.9 Spellcasting
 + Level 0.2 Conjurations
 + Level 0.2 Hexes
 + Level 0.2 Charms
 + Level 0.2 Summonings
 + Level 0.2 Necromancy
 + Level 0.2 Translocations
 + Level 3.7 Transmutations
 + Level 0.2 Fire Magic
 + Level 0.2 Ice Magic
 + Level 0.2 Air Magic
 + Level 0.2 Earth Magic
 + Level 0.2 Poison Magic
 + Level 0.5 Invocations
 + Level 0.4 Evocations


You had 9 spell levels left.
You knew the following spells:

 Your Spells              Type           Power        Failure   Level  Hunger
a - Beastly Appendage     Tmut           ##....       3%          1    None

Your spell library contained the following spells:

 Spells                   Type           Power        Failure   Level  Hunger
 Sticks to Snakes         Tmut           ##......     5%          2    ##.....
 Spider Form              Tmut/Pois      #.........   22%         3    ###....
 Ice Form                 Ice/Tmut       #.......     58%         4    ####...
 Blade Hands              Tmut           ##........   69%         5    ######.


Dungeon Overview and Level Annotations

Branches:
Dungeon (1/15)

Altars:


Innate Abilities, Weirdness & Mutations

Your experience applies equally to all skills.
You have very sharp teeth.
Your uncanny sense of smell can sniff out nearby items.


Message History

Things that are here:
a jackal skeleton x2
Your transformation is almost over.
Found a stone staircase leading down.
Things that are here:
a +0 club; a hobgoblin corpse You butcher the hobgoblin corpse.
f - 13 chunks of flesh (gained 4)
Things that are here:
a +0 club; a hobgoblin skeleton
Things that are here:
a +0 club; a hobgoblin skeleton You now have 83 gold pieces (gained 17).
Found a dagger.
j - 2 fizzy pink potions (gained 1)
Your horns disappear.
You see here a dagger.
Some of the chunks of flesh in your inventory have rotted away.
A bat comes into view.
Are you sure you want to abandon this character and quit the game? (Confirm

8#........#
#....#####
.#........#
##.....#
##....⌠...#
##..#.#
.........##
#..#.#
....######
#.>..# ...##
#...## ####
########)#
......##.#####
.......@.....#
......######.#
..... ∆ ....
b.. +# ∆


You could see a bat (sleeping).

Vanquished Creatures
  5 bats (D:1)
  2 giant cockroaches (D:1)
  2 hobgoblins (D:1)
  3 jackals (D:1)
  2 kobolds (D:1)
  A frilled lizard (D:1)
15 creatures vanquished.

Notes
Turn   | Place    | Note
-------+----------+-------------------------------------------
     0 | D:1      | PikkenKukken the Gnoll Transmuter began the quest for the
                  | Orb.
     0 | D:1      | Reached XP level 1. HP: 17/17 MP: 6/6
   117 | D:1      | Reached XP level 2. HP: 18/23 MP: 5/7
   292 | D:1      | Quit the game

Vault maps used:
D:1:      giann_wishing_wells

Action                   || total
-------------------------++-------
Melee: Unarmed           ||    39
       Bite              ||     3
       Kick              ||     2
       Headbutt          ||     1
 Cast: Beastly Appendage ||     4
 Stab: Sleeping          ||     1
Armor: Robe              ||    13
Dodge: Dodged            ||    47

Table legend:
 A = Non-vault XP
 B = Vault XP
 C = Vault XP percentage of total XP
 D = Non-vault monster count
 E = Vault monster count
 F = Vault count percentage of total count
                 A         B        C        D         E       F
            +---------+---------+-------+---------+---------+-------
      Total |      25 |       0 |   0.0 |      15 |       0 |   0.0
            +---------+---------+-------+---------+---------+-------
        D:1 |      25 |       0 |   0.0 |      15 |       0 |   0.0
            +---------+---------+-------+---------+---------+-------
